 Dungeon Crawl Stone Soup version 0.22-a0-266-g5fdf0d7 (webtiles) character file.

66 b5mith the Slasher (level 3, 0/49 HPs)
             Began as a Minotaur Berserker on Mar 8, 2018.
             Was a Believer of Trog.
             Succumbed to Bunnehwyld's ghost's poison
             ... on level 3 of the Dungeon.
             The game lasted 00:03:56 (1877 turns).

b5mith the Slasher (Minotaur Berserker)             Turns: 1877, Time: 00:03:57

Health: 0/49       AC:  5    Str: 27    XL:     3   Next: 96%
Magic:  2/2        EV:  6    Int:  4    God:    Trog [**....]
Gold:   81         SH: 12    Dex:  9    Spells: 2/2 levels left

rFire    . . .     SeeInvis .   n - +0 long sword
rCold    . . .     Gourm    .   g - +0 large shield
rNeg     . . .     Faith    .   i - -1 scale mail (curse)
rPois    .         Spirit   .   (helmet restricted)
rElec    .         Reflect  .   (no cloak)
rCorr    .         Harm     .   (no gloves)
MR       .....                  (no boots)
Stlth    ..........             (no amulet)
HPRegen  0.16/turn              (no ring)
MPRegen  0.08/turn              (no ring)

@: berserking, lethally poisoned (0 -> -29), very quick
A: retaliatory headbutt, horns 2
a: Berserk, Trog's Hand, Renounce Religion


You were on level 3 of the Dungeon.
You worshipped Trog.
Trog was pleased with you.
You were hungry.

You visited 1 branch of the dungeon, and saw 3 of its levels.

You collected 81 gold pieces.

Inventory:

Hand Weapons
 a - a +0 falchion
 n - a +0 long sword (weapon)
Armour
 b - a +0 animal skin
 g - a +0 large shield (worn)
 i - a cursed -1 scale mail (worn)
Scrolls
 e - a scroll of random uselessness {unknown}
 h - a scroll of remove curse {unknown}
 k - a scroll of enchant armour {unknown}
 l - 3 scrolls of identify {unknown}
 m - a scroll of enchant weapon {unknown}
 o - 2 scrolls of noise {unknown}
 p - a scroll of magic mapping {unknown}
Potions
 f - a potion of cancellation {unknown}
 j - 4 potions of degeneration {unknown}
 q - a potion of curing {unknown}
Comestibles
 c - 6 rations
 d - 2 chunks of flesh


   Skills:
 + Level 4.2 Fighting
 + Level 4.4 Long Blades
 + Level 3.2 Armour
 + Level 3.0 Dodging


You had 2 spell levels left.
You didn't know any spells.

Dungeon Overview and Level Annotations

Branches:
Dungeon (3/15)

Altars:
Elyvilon
Okawaru
Trog
Vehumet
Yredelemnul

Annotations:
D:3 Bunnehwyld's ghost, amateur DrFE


Innate Abilities, Weirdness & Mutations

You reflexively headbutt those who attack you in melee.
You have a pair of horns on your head.


Message History

Bunnehwyld's ghost gestures at you while chanting.
The flame tongue hits you!
* * * LOW HITPOINT WARNING * * *
You slash Bunnehwyld's ghost!
Your headbutt misses Bunnehwyld's ghost.
Bunnehwyld's ghost is almost destroyed.
* * * LOW HITPOINT WARNING * * *
You feel sick.
Bunnehwyld's ghost points at you and mumbles some strange words.
The flame tongue hits you!
* * * LOW HITPOINT WARNING * * *
Your shield prevents you from hitting Bunnehwyld's ghost.
Bunnehwyld's ghost is almost destroyed.
* * * LOW HITPOINT WARNING * * *
You feel sick. Bunnehwyld's ghost hits you.
* * * LOW HITPOINT WARNING * * *
You are more poisoned.
Your shield prevents you from hitting Bunnehwyld's ghost.
Bunnehwyld's ghost is almost destroyed.
You die...

#### ... ##.##
##@W.# #..#..#
#######>## ....
#........# #..<
#>######...# ##
###.#######.##
#...........#
#######.#.#########
..........#


You could see Bunnehwyld's ghost.

Vanquished Creatures
  2 adders (D:2)
  A worm (D:2)
  A ball python (D:1)
  A giant cockroach (D:1)
  6 goblins
  5 hobgoblins
  11 bats
  7 frilled lizards
  7 kobolds
  5 rats
  A spectral orc (D:2)
47 creatures vanquished.

Notes
Turn   | Place    | Note
-------+----------+-------------------------------------------
     0 | D:1      | b5mith the Minotaur Berserker began the quest for the Orb.
     0 | D:1      | Reached XP level 1. HP: 19/19 MP: 0/0
   185 | D:1      | Reached XP level 2. HP: 27/27 MP: 1/1
  1135 | D:2      | Found a radiant altar of Vehumet.
  1170 | D:2      | Reached XP level 3. HP: 33/33 MP: 2/2
  1180 | D:2      | Reached ** piety under Trog
  1348 | D:2      | Found a white marble altar of Elyvilon.
  1440 | D:2      | Found a bloodstained altar of Trog.
  1510 | D:2      | Found a basalt altar of Yredelemnul.
  1649 | D:2      | Found an iron altar of Okawaru.
  1864 | D:3      | Noticed Bunnehwyld's ghost (amateur DrFE)
  1876 | D:3      | HP: 2/49 [Bunnehwyld's ghost (1)]
  1877 | D:3      | Succumbed to Bunnehwyld's ghost's poison

Vault maps used:
D:1:      dpeg_arrival_prison, nrook_uturn
D:2:      yredelemnul_forgotten_temple_becter, nicolae_overflow_hidden_temple,
          kennysheep_okawaru_gauntlet, marbit_many_paths, lemuel_doored_altar,
          nrook_mini_vaults, kennysheep_decorative_pillar,
          uniq_crazy_yiuf_cottage
D:3:      first_ration

Skill      XL: |  1  2  3 |
---------------+----------+-----
Long Blades    | 4 |  4.4
Fighting       | 4 |  4.2
Armour         | 3 |  3.2
Dodging        | 3 |  3.0

Action                   || total
-------------------------++-------
Melee: Falchion          ||    67
       Headbutt          ||    10
       Long sword        ||    52
Invok: Berserk           ||     1
  Eat: Chunk             ||     3
Armor: Animal skin       ||     4
       Scale mail        ||    31
Dodge: Dodged            ||    47
Block: Large shield      ||    77
       Rpst.: Falchion   ||     5
       Long sword        ||     4

Table legend:
 A = Spawn XP
 B = Non-spawn XP
 C = Spawn XP percentage of total XP
 D = Spawn monster count
 E = Non-spawn monster count
 F = Spawn count percentage of total count
 G = Total turns spent on level
                    A         B        C        D         E        F      G
               +---------+---------+-------+---------+---------+-------+---------
         Total |       0 |      95 |   0.0 |       0 |      47 |   0.0 |  1877
               +---------+---------+-------+---------+---------+-------+---------
           D:1 |       0 |      28 |   0.0 |       0 |      18 |   0.0 |  1005
           D:2 |       0 |      65 |   0.0 |       0 |      27 |   0.0 |   784
           D:3 |       0 |       2 |   0.0 |       0 |       2 |   0.0 |    88
               +---------+---------+-------+---------+---------+-------+---------
